 Dungeon Crawl Stone Soup version 0.29.1-14-g9c671dbff4 (webtiles) character file.

Game seed: 5744686008326613762

1326 sking99 the Ruffian (level 8, -3/65 HPs)
             Began as a Palentonga Transmuter on Feb 20, 2023.
             Succumbed to a killer bee's poison
             ... on level 8 of the Dungeon.
             The game lasted 00:13:42 (5902 turns).

sking99 the Ruffian (Palentonga Transmuter)         Turns: 5902, Time: 00:13:42

Health: -3/65      AC:  4    Str: 16    XL:     8   Next: 34%
Magic:  11/12      EV: 14    Int: 15    God:
Gold:   228        SH:  0    Dex: 11    Spells: 7/13 levels left

rFire   . . .      SeeInvis +     - Unarmed
rCold   . . .      Faith    .   (no shield)
rNeg    . . .      Spirit   .   a - +0 robe
rPois   .          Reflect  .   (no helmet)
rElec   .          Harm     .   (no cloak)
rCorr   .          Rampage  .   (no gloves)
Will    .....                   (no barding)
Stlth   +.........              (no amulet)
HPRegen 0.20/turn               c - +4 ring of evasion
MPRegen 0.13/turn               (no ring)

@: lethally poisoned (-3 -> -35)
A: large, rugged brown scales 3, see invisible, deformed body, roll 1, armoured
tail, reflexive curl
a: Rolling Charge


You were on level 8 of the Dungeon.
You visited 1 branch of the dungeon, and saw 6 of its levels.

You collected 228 gold pieces.

Inventory:

Armour
 a - a +0 robe (worn)
Jewellery
 c - a +4 ring of evasion (left hand)
 i - a +6 ring of intelligence
 k - a ring of ice
Scrolls
 d - 2 scrolls of teleportation
 f - a scroll of enchant weapon {unknown}
Potions
 b - a potion of lignification
 e - a potion of resistance
 g - 3 potions of attraction
 j - a potion of heal wounds {unknown}
 l - a potion of invisibility
 m - a potion of mutation {unknown}
 n - a potion of might {unknown}


   Skills:
 + Level 4.6 Fighting
 - Level 2.0 Dodging
 * Level 7.9 Unarmed Combat
 - Level 3.0 Spellcasting
 - Level 4.0 Transmutations
 - Level 2.0 Poison Magic


You had 7 spell levels left.
You knew the following spells:

 Your Spells              Type           Power      Damage    Failure   Level
a - Beastly Appendage     Tmut           28%        N/A       3%          1
b - Wereblood             Tmut           14%        N/A       6%          2
c - Spider Form           Tmut/Pois      11%        N/A       17%         3

Your spell library contained the following spells:

 Spells                   Type           Power      Damage    Failure   Level
 Necrotise                Necr           8%         1d4       21%         1
 Shock                    Conj/Air       8%         1d3       21%         1
 Swiftness                Air            2%         N/A       52%         3
 Vampiric Draining        Necr           2%         2d6       52%         3
 Ice Form                 Ice/Tmut       8%         N/A       65%         4
 Petrify                  Tmut/Erth      8%         N/A       65%         4
 Airstrike                Air            1%         2d(1-17)  89%         4
 Agony                    Necr           2%         N/A       99%         5
 Metabolic Englaciation   Hex/Ice        1%         N/A       99%         5
 Statue Form              Tmut/Erth      5%         N/A       100%        6


Dungeon Overview and Level Annotations

Branches:
Dungeon (5/15)
 Temple: D:4-7

Altars:
Dithmenos
Hepliaklqana
Trog
Vehumet
Wu Jian

Shops:
D:4 *


Innate Abilities, Weirdness & Mutations

You are completely covered in rugged brown scales. (AC +3, +7% HP)
You have supernaturally acute eyesight. (SInv)
Armour fits poorly on your strangely shaped body.
You can roll at nearby foes to attack.
You have a long armoured tail.
You curl defensively after being hit. (AC +7*)


Message History

You bite the killer bee!
The killer bee looks as sick as possible!
The killer bee is almost dead.
* * * LOW HITPOINT WARNING * * *
You feel very sick.
You kill the killer bee!
The killer bee closely misses you.
You closely miss the killer bee.
* * * LOW HITPOINT WARNING * * *
You feel sick. The killer bee misses you. The killer bee closely misses you.
The killer bee misses you. x2
It was a potion of curing.
You feel better. The killer bee completely misses you.
The killer bee closely misses you. The killer bee barely misses you.
The killer bee completely misses you.
You bite the killer bee!
The killer bee is almost dead.
The killer bee stings you.
* * * LOW HITPOINT WARNING * * *
The killer bee closely misses you.
You miss the killer bee.
The killer bee is almost dead.
The killer bee completely misses you. The killer bee barely misses you.
The killer bee completely misses you. The killer bee closely misses you.
You bite the killer bee!
You kill the killer bee!
The killer bee stings you.
* * * LOW HITPOINT WARNING * * *
You are lethally poisoned!
The killer bee poisons you! The killer bee completely misses you.
* * * LOW HITPOINT WARNING * * *
You feel very sick. The killer bee stings you.
* * * LOW HITPOINT WARNING * * *
You are more poisoned.
The killer bee poisons you! The killer bee closely misses you.
Things that are here:
a killer bee corpse; a killer bee corpse Your transformation has ended.
Your +0 robe unmelds from your body.
You die...

###.....###..##..y.
#.................
###....##.....#..#
...
#.######..#....#
...# ###
#..#....#...#
#..##(......#
##...#.......#
#..††y...##.##
##..@.##.# #
###.....##
#.....### ###...#
#.### ###


You could see a killer bee.

Vanquished Creatures
  A water moccasin (D:8)
  A black bear (D:4)
  A centaur (D:8)
  A phantom (D:4)
  A kobold brigand (D:8)
  A bullfrog (D:8)
  3 scorpions
  7 killer bees (D:8)
  A hound (D:5)
  An iguana (D:4)
  2 orc wizards (D:4)
  6 adders
  11 gnolls (D:4)
  3 worms
  3 dart slugs
  5 orcs
  4 ball pythons
  3 bats
  8 endoplasms
  A giant cockroach (D:1)
  12 goblins
  11 hobgoblins
  5 jackals
  4 quokkas
  6 frilled lizards
  6 kobolds
  7 rats
115 creatures vanquished.

Vanquished Creatures (others)
  4 plants (D:8)
4 creatures vanquished.

Grand Total: 119 creatures vanquished

Notes
Turn   | Place    | Note
-------+----------+-------------------------------------------
     0 | D:1      | sking99 the Palentonga Transmuter began the quest for the
                  | Orb.
     0 | D:1      | Reached XP level 1. HP: 16/16 MP: 3/3
   130 | D:1      | Found a faded altar of an unknown god.
   435 | D:1      | Reached XP level 2. HP: 22/22 MP: 3/5
  1291 | D:2      | Reached XP level 3. HP: 27/27 MP: 4/6
  1294 | D:2      | Learned a level 2 spell: Wereblood
  1298 | D:2      | Learned a level 3 spell: Spider Form
  1509 | D:2      | Reached XP level 4. HP: 34/34 MP: 7/7
  2789 | D:3      | Reached skill level 4 in Unarmed Combat
  2951 | D:3      | Reached skill level 1 in Poison Magic
  3230 | D:3      | Found an ornate altar of the Wu Jian Council.
  3483 | D:4      | Reached XP level 5. HP: 23/39 MP: 6/8
  3811 | D:4      | Found Kiklao's General Store.
  3840 | D:4      | Noticed a phantom
  3872 | D:4      | Reached XP level 6. HP: 32/46 MP: 7/10
  4530 | D:4      | Reached skill level 5 in Unarmed Combat
  4622 | D:4      | Found a radiant altar of Vehumet.
  4623 | D:4      | Found a bloodstained altar of Trog.
  4682 | D:4      | Gained mutation: You curl defensively after being hit. (AC
                  | +7*) [Palentonga growth]
  4682 | D:4      | Reached XP level 7. HP: 53/54 MP: 4/11
  4832 | D:4      | Noticed a shadow
  4833 | D:4      | Found a shadowy altar of Dithmenos.
  4834 | D:4      | Found a hazy altar of Hepliaklqana.
  4953 | D:5      | Entered Level 5 of the Dungeon
  5241 | D:5      | Reached skill level 6 in Unarmed Combat
  5342 | D:5      | You fall into a shaft and drop 3 floors!
  5373 | D:8      | Noticed a yak
  5373 | D:8      | Noticed a yak
  5373 | D:8      | Noticed a yak
  5373 | D:8      | Noticed a yak
  5373 | D:8      | Noticed a yak
  5375 | D:8      | Noticed a yak
  5770 | D:8      | Reached skill level 7 in Unarmed Combat
  5770 | D:8      | Reached XP level 8. HP: 64/64 MP: 9/12
  5901 | D:8      | HP: 3/65 [killer bee (5)]
  5902 | D:8      | Succumbed to a killer bee's poison

Illustrated notes

Levels and vault maps discovered:
D:1:      nicolae_arrival_memento_mori, layout_loops_ring, serial_aquarium,
          aquarium_bridge_square [aquarium_subvault_wall,
          aquarium_subvault_wall, aquarium_subvault_window,
          aquarium_subvault_bridge], aquarium_window_1, aquarium_window_1,
          aquarium_window_fake, aquarium_view_2c, aquarium_pool_double,
          shapermc_ecumenical_altar_flowoftime
D:2:      cheibrodos_greedy_goblins, layout_basic
D:3:      layout_basic, nicolae_wu_jian_immortal_techniques
D:4:      layout_cave_pools, riverfiend_overflow_shadow_ancestor,
          gammafunk_temple_overflow_pools, serial_shops, nicolae_shop_trees,
          hangedman_decor_peaks_small
D:5:      layout_basic, okawaru_metal_pillars_1_2, ashenzari_altar_1,
          nicolae_overflow_crystal_walls, uniq_pikel
D:8:      layout_cave_pools, chequers_serial_rivers_room_b, serial_bayou_pond_e,
          serial_bayou_pond_d

Skill      XL: |  1  2  3  4  5  6  7  8 |
---------------+-------------------------+-----
Dodging        | 2 |  2.0
Unarmed Combat | 4 5 7 |  7.9
Poison Magic   | 1 2 |  2.0
Transmutations | 3 4 |  4.0
Spellcasting   | 3 |  3.0
Fighting       | 2 3 4 |  4.6

Action                   |  1- 3 |  4- 6 |  7- 9 || total
-------------------------+-------+-------+-------++-------
Melee: Unarmed           |   105 |   201 |    84 ||   390
       Headbutt          |    10 |    12 |       ||    22
       Kick              |    11 |     3 |       ||    14
       Tailslap          |     8 |    12 |     1 ||    21
       Punch             |     3 |       |       ||     3
 Cast: Beastly Appendage |    13 |    11 |       ||    24
       Spider Form       |       |     6 |    11 ||    17
 Abil: Rolling Charge    |     6 |     2 |       ||     8
  Use: Scroll            |       |     5 |     3 ||     8
       Potion            |       |       |     1 ||     1
Armor: Robe              |    26 |    20 |     3 ||    49
       Skin              |       |     1 |     3 ||     4
Dodge: Dodged            |    64 |   146 |   130 ||   340
